[Event "Team 45 45 League T47"]
[Site "Internet Chess Club"]
[Date "2010.11.18"]
[Round "3"]
[White "ElCreyente"]
[Black "PHILOCHESS"]
[Result "1-0"]
[WhiteElo "2228"]
[BlackElo "2079"]
[Opening "Pirc defense"]
[ECO "B07"]
[Time "13:59:42"]
[TimeControl "2700+45"]

1. e4 d6 2. d4 Nf6 3. Nc3 g6 4. Be3 Bg7 5. f3 O-O 6. Qd2 c6 7. O-O-O b5 8. Bh6
Bxh6 9. Qxh6 b4 10. Nce2 Qa5 11. Kb1 Be6 12. Nc1 Nbd7 13. h4 Nh5 14. Nge2 Ndf6
15. Rg1 c5 16. d5 Bd7 17. g4 Ng7 18. Ng3 Rfc8 19. h5 c4 20. hxg6 fxg6 21. Nf5
gxf5 22. gxf5 Ne8 23. Bh3 Qc5 24. f6 exf6 25. Bxd7 Rc7 26. Be6+ Rf7 27. Rg3 Qc7
28. Rdg1 Kf8 29. Qxh7 Nxe6 30. Qg8+ Ke7 31. dxe6 Kxe6 32. Ne2 Ke7 33. Nf4 Qd7
34. Nd5+ Kd8 35. Qh8 Kc8 36. Rg8 Kb7 37. Nxf6 Rxf6 38. Rxe8 Rxe8 39. Qxf6 Re7
40. Qd4 Qe6 41. b3 Rf7 42. Rg5 Rxf3 43. Rb5+ Kc8 44. Rxb4 Rf1+ 45. Kb2 Qf6 46.
Rxc4+ Kb7 47. Qxf6 Rxf6 48. Kc3 Kb6 49. Kd4 Rf2 50. Kd5 Rd2+ 51. Ke6 Kb7 52. Kd7
a6 53. Rc7+ Kb6 54. Rc6+ Kb7 55. Rxd6 Rxc2 56. e5 Rc7+ 57. Ke6 Rc2 58. Kd7 Rc7+
59. Ke8 Rc8+ 60. Rd8 Rc2 61. e6 Rxa2 62. e7 Re2 63. Kd7 Rd2+ 64. Ke6 Re2+ 65.
Kd6 Rd2+ 66. Kc5 Rc2+ 67. Kb4 a5+ 68. Kxa5 Rc5+ 69. Kb4 {Black resigns} 1-0

[Event "Team 45 45 League T47"]
[Site "Internet Chess Club"]
[Date "2010.11.20"]
[Round "3"]
[White "Camalleo"]
[Black "rdmuhcu"]
[Result "0-1"]
[WhiteElo "2017"]
[BlackElo "2261"]
[Opening "Sicilian: Pelikan (Lasker/Sveshnikov) variation"]
[ECO "B33"]
[Time "09:30:30"]
[TimeControl "2700+45"]

1. e4 c5 2. Nf3 Nc6 3. d4 cxd4 4. Nxd4 Nf6 5. Nc3 e5 6. Nb3 Bb4 7. Bd3 d5 8.
exd5 Nxd5 9. Bd2 Bxc3 10. bxc3 O-O 11. O-O Qh4 12. Qe2 Re8 13. f3 Nf4 14. Bxf4
Qxf4 15. Be4 Bf5 16. Nc5 Nd8 17. Nd3 Qg5 18. Rab1 Qg6 19. Rfe1 Bxe4 20. Qxe4
Qxe4 21. Rxe4 Rc8 22. Rb3 f6 23. f4 Nf7 24. Ra4 e4 25. Nb2 e3 26. Kf1 a6 27. Ke2
Nd6 28. Rd4 Rc6 29. Rd3 b6 30. Nd1 Nc4 31. Nxe3 Rce6 32. Kf2 Nxe3 33. g3 Nc4 34.
Kf3 b5 35. Rb1 Re2 36. Rbd1 Nb2 37. R1d2 Re1 38. Rd8 Nc4 39. Rxe8+ Rxe8 {White
resigns} 0-1

[Event "Team 45 45 League T47"]
[Site "Internet Chess Club"]
[Date "2010.11.22"]
[Round "3"]
[White "YoniKer"]
[Black "D10S"]
[Result "0-1"]
[WhiteElo "2069"]
[BlackElo "2004"]
[Opening "French: Rubinstein variation"]
[ECO "C10"]
[Time "14:00:29"]
[TimeControl "2700+45"]

1. e4 e6 2. d4 d5 3. Nc3 dxe4 4. Nxe4 Nd7 5. Nf3 Ngf6 6. Bd3 c5 7. O-O Nxe4 8.
Bxe4 Nf6 9. Bd3 cxd4 10. Nxd4 Bc5 11. Be3 Bb6 12. c3 O-O 13. Bg5 h6 14. Bh4 e5
15. Nf5 e4 16. Nxg7 Kxg7 17. Bxf6+ Qxf6 18. Bxe4 Bf5 19. Bxb7 Rab8 20. Qf3 Bg6
21. Rad1 Qxf3 22. Bxf3 Rfd8 23. Bd5 Rd6 24. c4 Bc5 25. Rd2 Be4 26. a3 a5 27. Re1
Bxd5 28. cxd5 Rdb6 29. Ree2 Bxa3 30. g3 Rxb2 31. Kg2 Rxd2 32. Rxd2 Rd8 33. Kf3
Kf6 34. Ke4 Bd6 35. Ra2 Ra8 36. Ra4 Bb4 37. Kd4 Rc8 38. Ra2 h5 39. h3 Rc1 40.
Ke4 Rc4+ 41. Kd3 Rc3+ 42. Kd4 h4 43. gxh4 Rxh3 44. Kc4 Rxh4+ 45. Kb5 Ke5 46. Kc6
Rc4+ 47. Kb5 Rc5+ 48. Kb6 Kxd5 49. Re2 Kc4 50. Re3 Rf5 51. f3 Rf6+ 52. Kc7 a4
{White resigns} 0-1

[Event "Team 45 45 League T47"]
[Site "Internet Chess Club"]
[Date "2010.11.20"]
[Round "3"]
[White "rwest1022"]
[Black "CaoCao"]
[Result "1-0"]
[WhiteElo "1889"]
[BlackElo "1896"]
[Opening "Hungarian defense"]
[ECO "C50"]
[Time "14:32:15"]
[TimeControl "2700+45"]

1. e4 e5 2. Nf3 Nc6 3. Bc4 Be7 4. d4 d6 5. h3 Nf6 6. Nc3 O-O 7. O-O h6 8. Re1
Re8 9. Be3 exd4 10. Nxd4 Bf8 11. Nxc6 bxc6 12. Qf3 Be6 13. Ba6 Nd7 14. Qg3 Kh8
15. f4 f5 16. Bd3 Qf6 17. Qf2 Nb6 18. e5 dxe5 19. fxe5 Qf7 20. Rf1 Nd7 21. Bxf5
Bxf5 22. Qxf5 Qxf5 23. Rxf5 Rxe5 24. Rxe5 Nxe5 25. b3 Re8 26. Kf2 a6 27. Rd1 Bd6
28. Ne2 c5 29. Rd5 c4 30. Nd4 cxb3 31. axb3 Rf8+ 32. Ke2 Re8 33. Ra5 c5 34. Nf5
Nc6 35. Rxa6 Nd4+ 36. Nxd4 cxd4 37. Rxd6 Rxe3+ 38. Kd2 Rg3 39. Rxd4 Rxg2+ 40.
Kc3 Kg8 41. h4 Kf7 42. b4 Ke6 43. b5 Rf2 44. b6 Rf7 45. Kb4 Ke5 46. c3 g5 47.
Kc5 Rg7 48. hxg5 hxg5 49. Kc6 g4 50. b7 Rg6+ 51. Kc7 {Black forfeits on time}
1-0

[Event "Team 45 45 League T47"]
[Site "Internet Chess Club"]
[Date "2010.11.20"]
[Round "3"]
[White "chess9793"]
[Black "zeigmata"]
[Result "1-0"]
[WhiteElo "2055"]
[BlackElo "2210"]
[Opening "Ruy Lopez: 5.O-O"]
[ECO "C78"]
[Time "13:00:21"]
[TimeControl "2700+45"]

1. e4 e5 2. Nf3 Nc6 3. Bb5 a6 4. Ba4 Nf6 5. O-O b5 6. Bb3 Bc5 7. c3 d6 8. d4 Bb6
9. a4 Rb8 10. a5 Ba7 11. h3 h6 12. Be3 Qe7 13. Nbd2 O-O 14. Qc2 Ra8 15. Rfe1 Bd7
16. d5 Bxe3 17. Rxe3 Nd8 18. c4 Nb7 19. cxb5 Bxb5 20. Bc4 Rfc8 21. Bxb5 axb5 22.
b4 c6 23. dxc6 Nd8 24. Rc3 d5 25. Rc5 Qe6 26. exd5 Nxd5 27. Qe4 Nf6 28. Qxe5
Nxc6 29. Qxe6 fxe6 30. Rxb5 Nd5 31. Nc4 Rcb8 32. Rxb8+ Rxb8 33. Nce5 Ndxb4 34.
Nxc6 Nxc6 35. Nd2 Kf7 36. Nc4 Ke7 37. a6 Rb4 38. a7 {Black resigns} 1-0

[Event "Team 45 45 League T47"]
[Site "Internet Chess Club"]
[Date "2010.11.21"]
[Round "3"]
[White "WilThorpe"]
[Black "superbeast"]
[Result "1/2-1/2"]
[WhiteElo "2048"]
[BlackElo "1899"]
[Opening "Sicilian: Pelikan, Chelyabinsk variation"]
[ECO "B33"]
[Time "13:34:29"]
[TimeControl "2700+45"]

1. e4 c5 2. Nf3 Nc6 3. d4 cxd4 4. Nxd4 Nf6 5. Nc3 e5 6. Ndb5 d6 7. Bg5 a6 8. Na3
b5 9. Nd5 Be7 10. Bxf6 Bxf6 11. c3 O-O 12. Nc2 Bg5 13. a4 bxa4 14. Rxa4 a5 15.
Bc4 Rb8 16. b3 Kh8 17. O-O f5 18. exf5 Bxf5 19. Nce3 Bg6 20. Qe2 Rf7 21. b4 Rfb7
22. b5 Na7 23. b6 Nc8 24. Rxa5 Nxb6 25. Nxb6 Rxb6 26. Rb5 Rxb5 27. Bxb5 d5 28.
Rd1 d4 29. Ng4 d3 30. Qxe5 d2 31. Ba4 Rb2 32. Ne3 {Game drawn by mutual
agreement} 1/2-1/2

[Event "Team 45 45 League T47"]
[Site "Internet Chess Club"]
[Date "2010.11.22"]
[Round "3"]
[White "Atlantis"]
[Black "Scotty2Cues"]
[Result "0-1"]
[WhiteElo "1731"]
[BlackElo "1961"]
[Opening "QGD Slav defense: exchange variation"]
[ECO "D13"]
[Time "14:21:27"]
[TimeControl "2700+45"]

1. d4 d5 2. c4 c6 3. cxd5 cxd5 4. Nf3 Nc6 5. Nc3 Nf6 6. Bf4 Qb6 7. Na4 Qa5+ 8.
Bd2 Qd8 9. Nc3 Bg4 10. e3 e5 11. dxe5 Nxe5 12. Be2 Bxf3 13. Bxf3 Nd3+ 14. Ke2
Ne5 15. Qa4+ Nc6 16. Rhd1 Bd6 17. Nxd5 O-O 18. Nxf6+ Qxf6 19. Bc3 Be5 20. Rac1
Rfd8 21. Rxd8+ Rxd8 22. Bxc6 bxc6 23. Qxa7 Bxc3 24. Rxc3 Qg5 25. Rd3 Qg4+ 26.
Kd2 Qb4+ 27. Kc2 Qc4+ 28. Rc3 Qe4+ 29. Kb3 h6 30. f3 Qd5+ 31. Ka3 Qd2 32. g4 Rd5
33. Qa8+ Kh7 34. Qxc6 Rd6 35. Qc4 Rb6 36. b4 Rb8 37. h4 Ra8+ {White forfeits on
time} 0-1

[Event "Team 45 45 League T47"]
[Site "Internet Chess Club"]
[Date "2010.11.18"]
[Round "3"]
[White "DieHappy"]
[Black "Indianqueen"]
[Result "1/2-1/2"]
[WhiteElo "2264"]
[BlackElo "2317"]
[Opening "QGD: Tartakower (Makagonov-Bondarevsky) system"]
[ECO "D58"]
[Time "18:14:20"]
[TimeControl "2700+45"]

1. d4 d5 2. c4 e6 3. Nc3 Nf6 4. Nf3 Be7 5. Bg5 O-O 6. e3 h6 7. Bh4 b6 8. Rc1 Bb7
9. Bd3 Nbd7 10. cxd5 exd5 11. O-O Ne4 12. Bxe7 Qxe7 13. Qb3 c6 14. h3 Rac8 15.
Rc2 Kh8 16. Rfc1 f5 17. Ne2 g5 18. Qa4 {Game drawn by mutual agreement} 1/2-1/2

[Event "Team 45 45 League T47"]
[Site "Internet Chess Club"]
[Date "2010.11.19"]
[Round "3"]
[White "SuperJEM"]
[Black "eurander"]
[Result "1/2-1/2"]
[WhiteElo "2160"]
[BlackElo "2175"]
[Opening "English: symmetrical variation"]
[ECO "A30"]
[Time "06:00:33"]
[TimeControl "2700+45"]

1. c4 c5 2. g3 g6 3. Bg2 Bg7 4. e3 e5 5. Ne2 Nc6 6. O-O Nge7 7. Nbc3 O-O 8. d3
d6 9. a3 Rb8 10. Rb1 a5 11. Bd2 Be6 12. Nb5 d5 13. Qc2 b6 14. Rfd1 Qc8 15. b3
Rd8 16. Bh1 Bg4 17. Re1 Qd7 18. Bc1 dxc4 19. dxc4 Qd3 20. Qxd3 Rxd3 21. Be4 Rd7
22. f3 Be6 23. Nec3 h5 24. Kf2 f5 25. Bc2 Kf7 26. Bb2 Rbd8 27. Rbd1 Nc8 28.
Rxd7+ Rxd7 29. Ke2 N6a7 30. Nxa7 Nxa7 31. Rd1 Rxd1 32. Kxd1 Ke7 33. Na4 Nc8 34.
f4 Bd7 35. Nc3 Bc6 36. Kd2 exf4 37. exf4 Ke6 38. Nd1 {Game drawn by mutual
agreement} 1/2-1/2

[Event "Team 45 45 League T47"]
[Site "Internet Chess Club"]
[Date "2010.11.21"]
[Round "3"]
[White "Ptzz"]
[Black "spacecadet"]
[Result "0-1"]
[WhiteElo "2063"]
[BlackElo "2162"]
[Opening "King's Indian: orthodox, Aronin-Taimanov, bayonet attack"]
[ECO "E97"]
[Time "13:13:26"]
[TimeControl "2700+45"]

1. d4 Nc6 2. Nf3 d6 3. c4 e5 4. d5 Nce7 5. e4 Nf6 6. Nc3 g6 7. Be2 Bg7 8. O-O
O-O 9. b4 a5 10. Ba3 axb4 11. Bxb4 b6 12. a4 Ne8 13. Nb5 f5 14. Ng5 Nc6 15. Bd2
Nd4 16. Nxd4 exd4 17. Ra3 h6 18. Ne6 Bxe6 19. dxe6 fxe4 20. Qc1 Kh7 21. Rh3 h5
22. g4 h4 23. Bg5 Bf6 24. Rxh4+ Kg8 25. Bxf6 Qxf6 26. Qh6 Qg7 27. Qg5 Ra5 28.
Qd2 g5 29. Rh3 Rf4 30. f3 d3 31. Bd1 Qd4+ 32. Kh1 e3 33. Qa2 Re5 34. c5 e2 35.
e7+ d5 {White resigns} 0-1

[Event "Team 45 45 League T47"]
[Site "Internet Chess Club"]
[Date "2010.11.21"]
[Round "3"]
[White "SteveWaugh"]
[Black "Zumbi"]
[Result "0-1"]
[WhiteElo "2004"]
[BlackElo "2055"]
[Opening "Sicilian: dragon, Yugoslav attack, 9...Bd7"]
[ECO "B77"]
[Time "14:02:03"]
[TimeControl "2700+45"]

1. e4 c5 2. Nf3 d6 3. d4 cxd4 4. Nxd4 Nf6 5. Nc3 g6 6. Be3 Bg7 7. f3 O-O 8. Qd2
Nc6 9. Bc4 Bd7 10. h4 Rc8 11. Bb3 h5 12. O-O-O Ne5 13. Bg5 Rc5 14. Kb1 Re8 15.
Bh6 b5 16. Bxg7 Kxg7 17. Nce2 a5 18. a3 Qb6 19. Nf4 Nc4 20. Bxc4 bxc4 21. Nde2
e5 22. Nd5 Nxd5 23. exd5 Rb8 24. c3 Rb5 25. b4 cxb3 26. Kb2 Rc5 27. g4 Rc4 28.
gxh5 Ra4 29. hxg6 Rxa3 30. Kxa3 b2 31. Qc2 Bf5 32. Qa4 b1=Q 33. Rxb1 Bxb1 {White
resigns} 0-1

[Event "Team 45 45 League T47"]
[Site "Internet Chess Club"]
[Date "2010.11.23"]
[Round "3"]
[White "SlimeDog2"]
[Black "TerryMalloy"]
[Result "1/2-1/2"]
[WhiteElo "2125"]
[BlackElo "2058"]
[Opening "QGA: classical, Rubinstein variation"]
[ECO "D27"]
[Time "19:54:19"]
[TimeControl "2700+45"]

1. d4 Nf6 2. Nf3 d5 3. c4 dxc4 4. e3 e6 5. Bxc4 c5 6. O-O a6 7. a4 Nc6 8. Nc3
Be7 9. d5 exd5 10. Nxd5 O-O 11. Nxe7+ Qxe7 12. Qe2 Bg4 13. h3 Bxf3 14. Qxf3 Ne5
15. Qe2 Nxc4 16. Qxc4 Rfc8 17. Bd2 Qe4 18. Rfc1 b6 19. f3 Qxc4 20. Rxc4 Rd8 21.
Be1 Rd3 22. a5 Rxe3 23. axb6 Rb3 24. Rxc5 Rxb6 25. Bc3 Re8 26. Rca5 Ree6 27. Kf2
h6 28. Rd1 Rbd6 29. Rxd6 Rxd6 30. Ke2 g5 31. Bxf6 Rxf6 32. b4 Rb6 33. Ra4 Rd6
34. Ra3 Rb6 35. Ra4 Rd6 36. Ra3 Rb6 37. Ra4 {Game drawn by repetition} 1/2-1/2

[Event "Team 45 45 League T47"]
[Site "Internet Chess Club"]
[Date "2010.11.21"]
[Round "3"]
[White "Alphalegacy"]
[Black "Matusalen"]
[Result "0-1"]
[WhiteElo "2034"]
[BlackElo "2124"]
[Opening "Caro-Kann: exchange variation"]
[ECO "B13"]
[Time "18:05:02"]
[TimeControl "2700+45"]

1. e4 c6 2. d4 d5 3. exd5 cxd5 4. Bd3 Nc6 5. c3 Qc7 6. Nf3 Bg4 7. O-O e6 8. Re1
Bd6 9. h3 Bh5 10. Nbd2 Nge7 11. Qc2 Bg6 12. Nf1 O-O 13. Bxg6 Nxg6 14. Qd3 a6 15.
a4 Na5 16. Be3 Rac8 17. N1d2 f6 18. Rac1 Qd7 19. b4 Nc4 20. Nxc4 Rxc4 21. a5 Qb5
22. Nd2 Rxb4 23. c4 Qxa5 24. c5 Bb8 25. c6 bxc6 26. Rxc6 Rb6 27. Rxb6 Qxb6 28.
Ra1 a5 29. Nb3 Qd6 30. g3 Bc7 31. Nxa5 Ra8 32. Nb3 Rxa1+ 33. Nxa1 e5 34. Nb3 Qc6
35. dxe5 fxe5 36. Nc5 Bb6 37. Nb3 Bxe3 38. fxe3 Qc4 39. Qxc4 dxc4 40. Nc1 Kf7
41. e4 Ke6 42. Kf2 Kd6 43. Ke3 Kc5 44. Kd2 Kd4 45. Ne2+ Kxe4 46. Kc3 Kf3 {White
resigns} 0-1

[Event "Team 45 45 League T47"]
[Site "Internet Chess Club"]
[Date "2010.11.21"]
[Round "3"]
[White "chiiwen"]
[Black "Paulkov"]
[Result "1/2-1/2"]
[WhiteElo "2192"]
[BlackElo "2264"]
[Opening "KP: Nimzovich defense"]
[ECO "B00"]
[Time "15:00:21"]
[TimeControl "2700+45"]

1. e4 Nc6 2. Nf3 d6 3. d4 Nf6 4. Nc3 Bg4 5. Be3 e6 6. h3 Bh5 7. Be2 Be7 8. O-O
O-O 9. Nd2 Bxe2 10. Nxe2 d5 11. e5 Nd7 12. f4 f5 13. b3 Na5 14. c4 c6 15. c5 b6
16. Rc1 Rc8 17. b4 Nb7 18. Nb3 Qc7 19. Qd3 a5 20. a3 axb4 21. axb4 b5 22. Ra1
Ra8 23. Nc3 Rfc8 24. g4 g6 25. Kh2 Nd8 26. Rg1 Kh8 27. Qe2 Nf8 28. Bf2 Kg7 29.
Bg3 Nf7 30. Qf2 Nh6 31. Qf3 Nd7 32. Bf2 Rf8 33. g5 Nf7 34. Qe2 Rh8 35. h4 h6 36.
Kg2 Rhg8 37. Ra2 Qb7 38. Rga1 Rxa2 39. Qxa2 Rb8 40. Qa7 Qc8 41. Qa6 Qc7 42. Qa7
Qc8 43. Ra6 h5 44. Na5 Nd8 45. Be1 Kg8 46. Kf3 Bf8 47. Nb3 Rb7 48. Qa8 Rb8 {Game
drawn by mutual agreement} 1/2-1/2

[Event "Team 45 45 League T47"]
[Site "Internet Chess Club"]
[Date "2010.11.21"]
[Round "3"]
[White "MaartenKoning"]
[Black "Fulvio"]
[Result "1/2-1/2"]
[WhiteElo "2268"]
[BlackElo "2043"]
[Opening "Four knights: Belgrade gambit"]
[ECO "C47"]
[Time "14:01:43"]
[TimeControl "2700+45"]

1. e4 e5 2. Nc3 Nc6 3. Nf3 Nf6 4. d4 exd4 5. Nd5 Nxd5 6. exd5 Bb4+ 7. Bd2 Qe7+
8. Qe2 Qxe2+ 9. Bxe2 Bxd2+ 10. Kxd2 Ne7 11. d6 cxd6 12. Nxd4 a6 13. Rhe1 Kd8 14.
Bf3 g6 15. Rad1 Nc6 16. Kc1 Nxd4 17. Rxd4 Re8 18. Red1 Rb8 19. Rxd6 Re6 20. c4
Kc7 21. c5 b6 22. cxb6+ Rxb6 23. R6d4 Red6 24. Rc4+ Kd8 25. b3 Rxd1+ 26. Kxd1
Bb7 27. Bxb7 Rxb7 28. Kd2 Ke7 29. Kd3 Rb5 30. Ra4 a5 31. Re4+ Kf6 32. Kc4 Rh5
33. Rf4+ Ke5 34. Rxf7 Rxh2 35. g3 Ke6 36. Rf4 g5 37. Rf3 d5+ 38. Kb5 d4 39. Kxa5
g4 40. Rf4 d3 41. Rd4 Rxf2 42. Rxd3 Rxa2+ 43. Kb6 Ke5 44. b4 h5 45. b5 h4 46.
gxh4 Kf4 47. Kc7 Rc2+ 48. Kd7 g3 49. b6 g2 50. Rd1 {Game drawn by mutual
agreement} 1/2-1/2

[Event "Team 45 45 League T47"]
[Site "Internet Chess Club"]
[Date "2010.11.21"]
[Round "3"]
[White "BlackHorse"]
[Black "Campagnolo"]
[Result "1/2-1/2"]
[WhiteElo "1976"]
[BlackElo "2040"]
[Opening "Two knights defense (Modern bishop's opening)"]
[ECO "C55"]
[Time "21:00:12"]
[TimeControl "2700+45"]

1. e4 e5 2. Nf3 Nc6 3. Bc4 Nf6 4. d3 Be7 5. O-O O-O 6. c3 d6 7. h3 Na5 8. Bb5 a6
9. Ba4 c5 10. Nbd2 Qc7 11. Re1 b5 12. Bc2 g6 13. Nf1 Ne8 14. Ne3 Bb7 15. g4 Ng7
16. g5 Ne6 17. Ng4 Qd8 18. h4 f6 19. b4 Nc6 20. Bb3 Bc8 21. Bd5 Bd7 22. Qb3 Qc8
23. gxf6 Bxf6 24. Bg5 Bg7 25. Re3 h5 26. Ngh2 Kh7 27. Bxc6 Qxc6 28. Qd5 {Game
drawn by mutual agreement} 1/2-1/2

[Event "Team 45 45 League T47"]
[Site "Internet Chess Club"]
[Date "2010.11.25"]
[Round "3"]
[White "AreYouSerious"]
[Black "martineden"]
[Result "1/2-1/2"]
[WhiteElo "1949"]
[BlackElo "1885"]
[Opening "Réti opening"]
[ECO "A06"]
[Time "11:15:22"]
[TimeControl "2700+45"]

1. Nf3 d5 2. e3 Nf6 3. b3 Bf5 4. Bb2 Nbd7 5. Be2 e6 6. d3 Bd6 7. Nbd2 O-O 8. O-O
e5 9. c4 c6 10. a3 a5 11. Bc3 Qe7 12. Qc1 e4 13. dxe4 dxe4 14. Nd4 Bg6 15. Qb2
Nc5 16. h3 Nfd7 17. Rfd1 Ne5 18. Qc2 Ncd3 19. a4 Qh4 20. Rf1 f6 21. Rad1 Rfe8
22. Nb1 Qg5 23. Qd2 Nf3+ 24. Nxf3 exf3 25. Bxf3 Bc5 26. Be2 Rad8 27. Bd4 Bxd4
28. Bxd3 Bxe3 29. Qc2 Bxd3 30. Rxd3 Bc5 31. Nc3 Qf5 32. Rd2 Qxc2 33. Rxc2 Rd3
34. Rfc1 f5 35. Kf1 Bb4 {Game drawn by mutual agreement} 1/2-1/2

[Event "Team 45 45 League T47"]
[Site "Internet Chess Club"]
[Date "2010.11.21"]
[Round "3"]
[White "parrot9"]
[Black "dinosaurs01"]
[Result "0-1"]
[WhiteElo "1606"]
[BlackElo "1426"]
[Opening "Sicilian: Taimanov variation"]
[ECO "B46"]
[Time "09:30:36"]
[TimeControl "2700+45"]

1. e4 c5 2. Nf3 e6 3. d4 cxd4 4. Nxd4 Nc6 5. Nc3 a6 6. Be3 Nf6 7. Bd3 d5 8. exd5
Nxd5 9. Nxd5 exd5 10. c3 Be7 11. Nf5 O-O 12. O-O Bd6 13. Qh5 Bxf5 14. Bxf5 g6
15. Qg4 h5 16. Qh3 gxf5 17. Qxh5 Qf6 18. Bg5 Qg6 19. Qh4 Kg7 20. f4 Bc5+ 21. Kh1
Rh8 22. Qe1 Rae8 23. Qd2 Rxh2+ 24. Kxh2 Qh5+ {White resigns} 0-1

[Event "Team 45 45 League T47"]
[Site "Internet Chess Club"]
[Date "2010.11.21"]
[Round "3"]
[White "mmf00"]
[Black "ElmerHo"]
[Result "1/2-1/2"]
[WhiteElo "1660"]
[BlackElo "1633"]
[Opening "Vienna gambit: Breyer variation"]
[ECO "C29"]
[Time "19:00:25"]
[TimeControl "2700+45"]

1. e4 e5 2. Nc3 Nf6 3. f4 d5 4. fxe5 Nxe4 5. Nf3 Be7 6. Qe2 Nxc3 7. dxc3 O-O 8.
Bd2 c5 9. O-O-O Qa5 10. Kb1 c4 11. Nd4 Qb6 12. Be3 Qg6 13. h3 a6 14. Qf3 Be6 15.
g4 Nc6 16. Nf5 Bg5 17. Bxg5 Qxg5 18. Re1 g6 19. h4 Qd8 20. Nd4 Qc8 21. g5 Nxd4
22. cxd4 b5 23. Qf6 Qd8 24. Bg2 Qxf6 25. exf6 Ra7 26. Re5 Rd8 27. Kc1 b4 28. Kd2
a5 29. Rhe1 Rad7 30. c3 h6 31. Bf3 h5 32. R1e3 b3 33. a3 a4 34. Ke2 Kf8 35. Kf2
Kg8 36. Kg3 Rd6 37. Kf4 Kf8 38. Kg3 Kg8 39. Bg2 Kf8 40. Bh3 Re8 41. Bxe6 fxe6
42. Rf3 Kf7 43. Kf2 Rc6 44. Ke3 Rd6 45. Kf4 Rd7 46. Rfe3 Rd6 47. Rf3 Rd7 48.
Rfe3 Rd6 49. Rf3 {Game drawn by repetition} 1/2-1/2

[Event "Team 45 45 League T47"]
[Site "Internet Chess Club"]
[Date "2010.11.21"]
[Round "3"]
[White "Whalen"]
[Black "ryan2chess"]
[Result "0-1"]
[WhiteElo "1594"]
[BlackElo "1758"]
[Opening "Sicilian: Alapin's variation (2.c3)"]
[ECO "B22"]
[Time "11:00:42"]
[TimeControl "2700+45"]

1. e4 c5 2. c3 Nf6 3. e5 Nd5 4. Nf3 Nc6 5. d4 cxd4 6. cxd4 d6 7. Bc4 Nb6 8. Bb3
dxe5 9. d5 Na5 10. Nc3 Nxb3 11. Qxb3 e4 12. Nxe4 Qxd5 13. Qxd5 Nxd5 14. Bd2 e6
15. a3 Bd7 16. O-O Be7 17. Ne5 Bb5 18. Rfe1 O-O 19. Nc3 Nxc3 20. Bxc3 f6 21. a4
Ba6 22. b4 fxe5 23. b5 Bc5 24. Rf1 Bxb5 25. axb5 Rf5 26. g4 Rg5 27. Ra4 h5 28.
h4 Rxg4+ 29. Rxg4 hxg4 30. Bxe5 Rf8 31. Kg2 Rf5 32. Bb8 Bb6 33. Kg3 Rxb5 34.
Kxg4 a5 35. f3 Kf7 36. Ra1 Bd4 37. Ra4 Rb4 38. Ra3 Bb2+ {White resigns} 0-1

[Event "Team 45 45 League T47"]
[Site "Internet Chess Club"]
[Date "2010.11.20"]
[Round "3"]
[White "cazj"]
[Black "matthewc"]
[Result "0-1"]
[WhiteElo "1351"]
[BlackElo "1355"]
[Opening "Sicilian defense"]
[ECO "B30"]
[Time "18:02:20"]
[TimeControl "2700+45"]

1. e4 c5 2. Nf3 Nc6 3. c3 d5 4. exd5 Qxd5 5. d4 cxd4 6. cxd4 e6 7. Nc3 Bb4 8.
Be2 Nf6 9. O-O Bxc3 10. bxc3 O-O 11. Bf4 h6 12. Ne5 Nxe5 13. Bxe5 Nd7 14. Bf3
Qc4 15. Qd2 Nxe5 16. dxe5 Rb8 17. Rfe1 b6 18. Re4 Qc7 19. Rh4 Bb7 20. Bg4 Qxe5
21. Re1 Qd5 22. Qxd5 Bxd5 23. a3 Rbc8 24. Re3 Rc4 25. Reh3 Rfc8 26. f3 Rxc3 27.
Bh5 Rxa3 28. Rf4 e5 29. Rf5 Be6 30. Bxf7+ Bxf7 31. Rxe5 Ra2 32. Kf1 Rc1+ 33. Re1
Bc4+ {White resigns} 0-1

[Event "Team 45 45 League T47"]
[Site "Internet Chess Club"]
[Date "2010.11.22"]
[Round "3"]
[White "mitus"]
[Black "kidviper"]
[Result "1/2-1/2"]
[WhiteElo "1761"]
[BlackElo "2005"]
[Opening "Sicilian: Nimzovich-Rossolimo attack (with ...g6, without ...d6)"]
[ECO "B31"]
[Time "13:03:17"]
[TimeControl "2700+45"]

1. e4 c5 2. Nf3 Nc6 3. Bb5 g6 4. O-O Bg7 5. c3 Nf6 6. Re1 O-O 7. d4 cxd4 8. cxd4
d6 9. Nc3 Bg4 10. Be3 a6 11. Bd3 Nd7 12. Be2 Rc8 13. h3 Bxf3 14. Bxf3 Nb6 15. b3
e5 16. d5 Ne7 17. Qd2 f5 18. Bxb6 Qxb6 19. Na4 Qd8 20. Rac1 b5 21. Rxc8 Qxc8 22.
Rc1 Qb7 23. Nb2 Rc8 24. Nd1 Rf8 25. Nb2 fxe4 26. Bxe4 Nf5 27. Rc6 Rf6 28. Qc2
Nd4 29. Rc8+ Rf8 30. Rxf8+ Kxf8 31. Qd2 Qc7 32. Nd3 a5 33. Kh1 b4 34. Nb2 Qc3
35. Nc4 a4 36. Qxc3 bxc3 37. Na3 axb3 38. axb3 Bh6 39. b4 Ke7 40. Kg1 Bc1 41.
Nc2 Kd7 42. Kf1 Kc7 43. Ke1 Kb6 44. Kd1 Bg5 45. Bd3 Nb5 46. Ne3 Na3 47. Nc4+
Nxc4 48. Bxc4 Bh4 49. f3 Bf2 50. Kc2 Be1 51. Bd3 Bd2 52. Kb3 {Game drawn by
mutual agreement} 1/2-1/2

[Event "Team 45 45 League T47"]
[Site "Internet Chess Club"]
[Date "2010.11.22"]
[Round "3"]
[White "Warpdrive"]
[Black "clarinetref"]
[Result "0-1"]
[WhiteElo "1607"]
[BlackElo "1694"]
[Opening "Sicilian: Scheveningen (Paulsen), classical variation"]
[ECO "B84"]
[Time "19:02:35"]
[TimeControl "2700+45"]

1. e4 c5 2. Nf3 d6 3. d4 cxd4 4. Nxd4 Nf6 5. Nc3 a6 6. Be2 e6 7. Be3 Be7 8. O-O
Qc7 9. Qd3 Nbd7 10. f4 Nc5 11. Qc4 b5 12. Ndxb5 axb5 13. Nxb5 Qc6 14. Bf3 O-O
15. Bxc5 Qxc5+ 16. Qxc5 dxc5 17. e5 Nd5 18. c4 Ba6 19. a4 Ne3 20. Bxa8 Nxf1 21.
Kxf1 Rxa8 22. Rd1 Rd8 23. Ke2 Rxd1 24. Kxd1 f6 25. exf6 Bxf6 26. b3 Bb7 27. g3
g6 28. Nd6 Bf3+ 29. Kd2 Bd4 30. a5 Bg1 31. a6 Bxh2 32. Ke3 Ba8 33. Kf2 h5 34.
Nb7 h4 35. gxh4 Bxf4 36. Nxc5 e5 37. Ne6 Kf7 38. Nc7 Bc6 39. a7 e4 40. a8=Q Bxa8
41. Nxa8 Ke6 42. Nc7+ Bxc7 43. b4 Ke5 44. Ke3 Bd8 45. c5 Bxh4 46. c6 Bg5+ 47.
Ke2 Bd8 {White resigns} 0-1

[Event "Team 45 45 League T47"]
[Site "Internet Chess Club"]
[Date "2010.11.19"]
[Round "3"]
[White "PostMike"]
[Black "kidcobra"]
[Result "1/2-1/2"]
[WhiteElo "1529"]
[BlackElo "1654"]
[Opening "Sicilian defense"]
[ECO "B34"]
[Time "14:31:50"]
[TimeControl "2700+45"]

1. e4 c5 2. Nf3 Nc6 3. d4 cxd4 4. Nxd4 g6 5. Be3 Bg7 6. c3 Nf6 7. Nd2 d6 8. Qa4
Bd7 9. Bb5 Ne5 10. Bxd7+ Qxd7 11. Qc2 O-O 12. h3 Rac8 13. O-O Nc4 14. Nxc4 Rxc4
15. b3 Rcc8 16. Rac1 e5 17. Ne2 Qc6 18. Ng3 d5 19. exd5 Nxd5 20. Bd2 Nb4 21. Qb1
Nd5 22. c4 Nf6 23. Rfe1 Rfe8 24. Ne4 Nxe4 25. Rxe4 Rcd8 26. Bc3 f5 27. Re2 e4
28. Bxg7 Kxg7 29. Qb2+ Qf6 30. Qc2 Qe5 31. Rd1 Qf6 32. Red2 b6 33. Rd7+ Rxd7 34.
Rxd7+ Re7 35. Qd2 Qa1+ 36. Kh2 Qe5+ 37. g3 Kf6 38. Rd5 Qc7 39. Qd4+ Kf7 40. Qh8
Ke6 41. Qg8+ Rf7 42. Qe8+ Re7 43. Qg8+ Rf7 44. Qe8+ Re7 45. Qg8+ {Game drawn by
repetition} 1/2-1/2